AoeStats
← eltetedehaedo

Lombardia

509710966Analyzed
3v3 RM · 4d ago on Sep 27, 2026· 34m 55s· 6 players
Game mode
Random Map
Map size
Normal (6 player)
Population
200
Speed
Normal
Resources
Standard
Victory
Conquest
Starting age
Dark Age
Ending age
Imperial Age
RankedLock teamsTeams togetherTeam positionsShared explorationLock speedFull tech treeHidden civsTurbo modeCheats
Victory
Defeat
🇹🇷 Saxons · Türkiye
1136
+15
🇹🇷 Danes · Türkiye
1134
+15
🇹🇷 Varangians · Türkiye
1133
+15
🇦🇷 Turks · Argentina
1170
-17
🇦🇷 Franks · Argentina
1141
-16
🇦🇷 Mongols · Argentina
1039
-12
jORGitoPOrcel_JR
4:50 Loom
10:46 Feudal Age
17:04 Castle Age
22:04 Fletching
22:39 Double-Bit Axe
eltetedehaedo
5:13 Loom
10:24 Feudal Age
25:46 Castle Age
29:06 Fletching
rafa
9:52 Loom
12:31 Feudal Age
20:13 Castle Age
20:35 Fletching
23:34 Horse Collar
26:48 Wheelbarrow
28:05 Double-Bit Axe
33:48 Bodkin Arrow
Eşeyinziki
11:35 Feudal Age
18:19 Castle Age
16:18 Double-Bit Axe
28:53 Gold Mining
29:17 Bow Saw
31:10 Wheelbarrow
Chemiker
6:27 Loom
8:44 Feudal Age
9:47 Double-Bit Axe
16:02 Scale Barding Armor
20:28 Castle Age
21:28 Gambesons
21:43 Squires
21:29 Arson
21:10 Man-at-Arms
21:47 Gold Mining
22:48 Long Swordsman
24:02 Scale Mail Armor
29:30 Chain Mail Armor
IRONFOOT
6:23 Loom
9:21 Feudal Age
10:00 Double-Bit Axe
9:59 Horse Collar
19:01 Castle Age
17:52 Bloodlines
18:51 Scale Barding Armor
18:49 Gold Mining
19:51 Forging
20:02 Husbandry
20:47 Bow Saw
24:41 Wheelbarrow
24:35 Chain Barding Armor
26:12 Iron Casting
27:43 Stone Mining
29:40 Hand Cart
31:54 Heavy Plow
Connection lost

Rejoining the realm…

Still unreachable

The connection could not be restored.

Session expired

The server has moved on; the page needs a fresh start.